AoeStats
← Boris

Hideout

508359804Analyzed
1v1 RM · 10d ago on Sep 22, 2026· 50m 6s· 2 players
Game mode
Random Map
Map size
Tiny (2 player)
Population
200
Speed
Normal
Resources
Standard
Victory
Conquest
Starting age
Dark Age
Ending age
Imperial Age
RankedLock teamsTeams togetherTeam positionsShared explorationLock speedFull tech treeHidden civsTurbo modeCheats
Victory
Defeat
🇺🇸 Franks · United States
1533
+14
🇸🇻 Lithuanians · El Salvador
1499
-14
Boris
9:21 Feudal Age
9:24 Man-at-Arms
10:06 Loom
12:40 Double-Bit Axe
13:30 Forging
13:13 Fletching
20:15 Castle Age
19:36 Horse Collar
21:05 Pikeman
22:41 Squires
29:01 Wheelbarrow
28:16 Town Watch
32:21 Imperial Age
30:09 Hand Cart
31:46 Husbandry
31:56 Bloodlines
31:53 Scale Barding Armor
31:59 Forging
32:39 Cavalier
33:43 Chain Barding Armor
35:16 Light Cavalry
37:36 Gold Mining
37:26 Winged Hussar
39:02 Iron Casting
38:56 Paladin
40:17 Plate Barding Armor
40:55 Conscription
42:41 Scale Mail Armor
45:48 Chemistry
46:17 Chain Mail Armor
Gush
8:40 Loom
11:03 Feudal Age
15:27 Castle Age
15:17 Padded Archer Armor
16:02 Fletching
18:38 Double-Bit Axe
19:59 Bow Saw
27:52 Wheelbarrow
27:03 Town Watch
32:31 Imperial Age
30:37 Bodkin Arrow
31:12 Hand Cart
32:42 Ballistics
32:26 Gold Mining
34:14 Chemistry
33:40 Conscription
33:26 Scale Mail Armor
32:50 Pikeman
33:31 Squires
34:32 Siege Engineers
35:02 Chain Mail Armor
34:36 Halberdier
36:15 Plate Mail Armor
36:00 Masonry
37:02 Forging
36:44 Heavy Scorpion
38:17 Architecture
38:11 Leather Archer Armor
39:08 Iron Casting
39:03 Fortified Wall
41:07 Blast Furnace
40:51 Guard Tower
40:46 Arrowslits
42:27 Scale Barding Armor
43:18 Gold Shaft Mining
42:33 Stone Mining
45:55 Chain Barding Armor
45:17 Cavalier
45:58 Husbandry
45:19 Light Cavalry
46:26 Paladin
50:14 Arrowslits
50:26 Murder Holes
Connection lost

Rejoining the realm…

Still unreachable

The connection could not be restored.

Session expired

The server has moved on; the page needs a fresh start.